[Event "SELL Games"]
[Site "Tartu, Estonia"]
[Date "2023.05.19"]
[Round "1.1"]
[White "Vanagaite, Giedre"]
[Black "Laurusas, Tomas"]
[Result "0-1"]
[TimeControl "15min + 10sec per move each"]
[WhiteTitle "WFM"]
[BlackTitle "GM"]
[WhiteFideId "12800546"]
[BlackFideId "12803731"]
[WhiteElo "1995"]
[BlackElo "2504"]

1. d4 Nf6 2. c4 e6 3. Nf3 Bb4+ 4. Nbd2 O-O 5. Qc2 d6 6.
e3 Re8 7. Bd3 e5 8. O-O Bxd2 9. Nxd2 exd4 10. exd4 Nc6 11. Qc3 d5 12. c5 Ne4 13. Bxe4 dxe4 14. Nb3 a5 15. Be3 Qd5 16. Rfd1 Bg4 17.
Rd2 a4 18. Nc1 Rad8 19. b3 Re6 20. Qc4 Qf5 21. Ne2 Bxe2 22.
Qxe2 Rg6 23. Kh1 a3 24. Qb5 b6 25. Rc1 h6 26. Qc4 Rd5 27. cxb6 cxb6 28. Qa4 Qg4 29. Rg1 Rh5 30. g3 Qf3+ 31. Rg2 Rd5 32. Qc4 Rgd6 33.
h3 b5 34. Qc3 Rh5 35. h4 Rxh4+ 36. gxh4 Rg6 0-1

[Event "SELL Games"]
[Site "Tartu, Estonia"]
[Date "2023.05.19"]
[Round "1.2"]
[White "Stauskas, Lukas"]
[Black "Simkunaite, Gabija"]
[Result "1-0"]
[TimeControl "15min + 10sec per move each"]
[BlackTitle "WFM"]
[WhiteFideId "12808148"]
[BlackFideId "12808253"]
[WhiteElo "2296"]
[BlackElo "1964"]

1. b3 e5 2. Bb2 Nc6 3. e3 g6 4. Nf3 Bg7 5. Bb5 d6 6. d4 e4 7. Nfd2 Qg5 8. Bf1 Nf6 9. Nc3 Qf5 10.
h3 a6 11. g4 Qg5 12. Ndxe4 Nxe4 13. Nxe4 Qe7 14. Ng3 Bd7 15. Bg2 O-O-O 16. Qd2 h5 17. gxh5 gxh5 18. O-O-O h4 19. Ne2 Bh6 20.
Bxc6 bxc6 21. d5 Rhg8 22. Qa5 Kb7 23. Nd4 cxd5 24. Qxd5+ c6 25. Qh5 Bg7 26. Qf3 Kc7 27. Ne2 Bxb2+ 28. Kxb2 a5 29. a4 Rb8 30. Rhg1 Qe5+ 31. Ka2 Rxg1 32. Rxg1 Be6 33. Nd4 Bd5 34. Qe2 Rb6 35. Qd2 Kb7 36. Qxa5 Qh2 37. Rg8 Ra6 38.
Qd8 Bxb3+ 39. Kxb3 Ra7 40. Qd7+ 1-0

[Event "SELL Games"]
[Site "Tartu, Estonia"]
[Date "2023.05.19"]
[Round "1.3"]
[White "Sibajeva, Marija"]
[Black "Vardanyan, Aras"]
[Result "0-1"]
[TimeControl "15min + 10sec per move each"]
[WhiteTitle "WFM"]
[BlackTitle "FM"]
[WhiteFideId "12807583"]
[BlackFideId "12808792"]
[WhiteElo "1953"]
[BlackElo "2255"]

1. e4 c5 2. Nf3 d6 3. d4 cxd4 4. Qxd4 a6 5. c4 Nc6 6. Qd3 g6 7. a3 Bg7 8. Nc3 Nf6 9. Be2 O-O 10. O-O Bg4 11. Be3 Rc8 12.
b3 Bxf3 13. gxf3 b5 14. cxb5 Ne5 15. Qd2 Rxc3 16. Qxc3 Nxe4 17. Qb4 Nc3 18. Rae1 Nxe2+ 19. Rxe2 Qa8 20. Rd1 Nxf3+ 0-1

[Event "SELL Games"]
[Site "Tartu, Estonia"]
[Date "2023.05.19"]
[Round "1.4"]
[White "Vanagas, Tadas"]
[Black "Vaskevicius, Augustas"]
[Result "1-0"]
[TimeControl "15min + 10sec per move each"]
[WhiteFideId "12805467"]
[BlackFideId "12808008"]
[WhiteElo "2225"]
[BlackElo "1904"]

1. e4 c5 2. Nf3 e6 3. d4 cxd4 4. Nxd4 Qb6 5. Nb3 Qc7 6. Bd3 Nf6 7. O-O d5 8. exd5 Nxd5 9. c4 Nb4 10. Nc3 Nxd3 11. Qxd3 a6 12. Bg5 Bd6 13.
Rad1 Be7 14. Bxe7 Qxe7 15. Nd5 exd5 16. Rfe1 Be6 17. cxd5 O-O 18. Nd4 Qc5 19. dxe6 fxe6 20. Nxe6 Qxf2+ 21. Kh1 Re8 22. Rf1 Qb6 23. Ng5 1-0

[Event "SELL Games"]
[Site "Tartu, Estonia"]
[Date "2023.05.19"]
[Round "1.5"]
[White "Mikelsons, Mikelis-Emils"]
[Black "Tvarijonas, Tomas"]
[Result "0-1"]
[TimeControl "15min + 10sec per move each"]
[BlackTitle "FM"]
[WhiteFideId "11607475"]
[BlackFideId "12805432"]
[WhiteElo "1877"]
[BlackElo "2181"]

1. d4 d5 2. c4 c6 3. cxd5 cxd5 4. Bf4 Nf6 5. Nc3 a6 6.
e3 Nc6 7. Bd3 Bg4 8. Nge2 e6 9. f3 Bh5 10. Rc1 Bd6 11. O-O O-O 12. Bxd6 Qxd6 13. Nf4 Bg6 14. Nxg6 hxg6 15. f4 b5 16.
Rf3 Rfc8 17. Rh3 Ne7 18. Qe1 b4 19. Qh4 Kf8 20. Ne2 Rxc1+ 21. Nxc1 Qc6 22. Nb3 Qa4 23. Nc5 Qd1+ 24. Bf1 Neg8 25.
Qg5 Rc8 26. Qe5 Ke7 27. Nb7 Ne8 28. Rh7 Rc1 29. Qg5+ f6 0-1

[Event "SELL Games"]
[Site "Tartu, Estonia"]
[Date "2023.05.19"]
[Round "1.6"]
[White "Bekasovs, Rihards"]
[Black "Perminaite, Guoda"]
[Result "1-0"]
[TimeControl "15min + 10sec per move each"]
[WhiteFideId "11606029"]
[BlackFideId "12808784"]
[WhiteElo "2107"]
[BlackElo "1725"]

1. Nf3 d5 2. c4 e6 3. g3 Nf6 4.
Bg2 Be7 5. d4 O-O 6. Qc2 dxc4 7. Qxc4 a6 8. Bf4 Nd5 9. O-O Bd7 10. Rc1 Nxf4 11. gxf4 Bc6 12. e3 Bd6 13. Nbd2 Nd7 14.
Qc2 Bxf3 15. Bxf3 c6 16. Rab1 Qh4 17. Ne4 Be7 18. b4 Nf6 19. Nxf6+ Bxf6 20. a4 Rad8 21. b5 axb5 22. axb5 g5 23. bxc6 1-0

[Event "SELL Games"]
[Site "Tartu, Estonia"]
[Date "2023.05.19"]
[Round "1.7"]
[White "Piksis, Davids"]
[Black "Sirp, Karl Aleksander"]
[Result "0-1"]
[TimeControl "15min + 10sec per move each"]
[WhiteFideId "11609117"]
[BlackFideId "4504712"]
[WhiteElo "1770"]
[BlackElo "2033"]

1. e4 d5 2. exd5 Qxd5 3. Nc3 Qa5 4. d4 c6 5. Bc4 Nf6 6. Qe2 Bf5 7. Nf3 e6 8. O-O Bd6 9. Bd2 Qc7 10.
d5 Nxd5 11. Nxd5 cxd5 12. Bxd5 O-O 13. Be4 Bxe4 14. Qxe4 Nc6 15. Ng5 g6 16. Qh4 h5 17. g4 Bf4 18. Bc3 Qe7 19. Nf3 Qxh4 20.
Nxh4 hxg4 21. f3 g3 22. hxg3 Bxg3 23. Bf6 Be5 24. Bxe5 Nxe5 25. f4 Nc4 26. b3 Ne3 27. Rf2 Rfd8 28.
Re1 Nf5 29. Nxf5 gxf5 30. Kg2 Kg7 31. Kf3 Kf6 32. Rh1 Rac8 33. Rh6+ Ke7 34. Rhh2 Rc3+ 35. Kg2 Rd1 36. Rh1 Rd8 37.
Re1 Kf6 38. a4 Rg8+ 39. Kf1 Rd8 40. Ree2 Rg3 41. Ke1 Rd4 42. Rd2 Rg1+ 43. Ke2 Re4+ 44. Kf3 Rg4 45. Rd7 Rgxf4+ 46. Kg2 Rxf2+ 47. Kxf2 Rb4 48. Ke3 a5 49. Rc7 f4+ 50. Kf3 e5 51.
Rc5 b6 52. Kg4 bxc5 0-1

[Event "SELL Games"]
[Site "Tartu, Estonia"]
[Date "2023.05.19"]
[Round "1.8"]
[White "Obolonin, Filipp"]
[Black "Maciuityte, Greta"]
[Result "1-0"]
[TimeControl "15min + 10sec per move each"]
[WhiteFideId "4505549"]
[BlackFideId "12806765"]
[WhiteElo "2017"]
[BlackElo "1715"]

1. d4 c5 2. c3 cxd4 3. cxd4 d5 4. Nf3 Nc6 5.
g3 Bg4 6. Bg2 e6 7. O-O Nf6 8. Nc3 Be7 9. Bg5 h6 10. Bxf6 Bxf6 11. e3 O-O 12. h3 Bh5 13. Qb3 Rb8 14. Na4 b6 15. Qb5 Na5 16. Nd2 Rc8 17. Rac1 Qe7 18. b4 Nc4 19.
Nxc4 dxc4 20. Nb2 c3 21. Na4 c2 22.
Be4 e5 23. d5 Rc7 24. Rxc2 Rxc2 25. Bxc2 Bf3 26. e4 Rc8 27. Bd3 Qd6 28. Nb2 Be7 29. a3 Kf8 30. Nc4 Qd8 31. Nxe5 Bh5 32. Nc6 Qd7 33. Kg2 Bd6 34.
e5 Bc7 35. f4 a6 36. Qc4 Bd8 37. Be4 b5 38. Qd3 f6 39. Bf5 1-0

[Event "SELL Games"]
[Site "Tartu, Estonia"]
[Date "2023.05.19"]
[Round "2.1"]
[White "Laurusas, Tomas"]
[Black "Bekasovs, Rihards"]
[Result "1-0"]
[TimeControl "15min + 10sec per move each"]
[WhiteTitle "GM"]
[WhiteFideId "12803731"]
[BlackFideId "11606029"]
[WhiteElo "2504"]
[BlackElo "2107"]

1. d4 Nf6 2. c4 c5 3. d5 b5 4.
cxb5 a6 5. e3 axb5 6. Bxb5 Qa5+ 7. Nc3 Bb7 8. Nge2 Nxd5 9. O-O Nxc3 10. Nxc3 e6 11. e4 Be7 12. Bf4 O-O 13. a4 Qb6 14.
Qg4 Nc6 15. Rad1 Nd4 16. Be5 f6 17. Bxd4 cxd4 18. Ne2 e5 19. Qxd7 Bb4 20. Ng3 Bc8 21. Qc6 Qxc6 22. Bxc6 Rb8 23. Bb5 Be6 24. Rc1 Ra8 25.
Nf5 Rfb8 26. Rc7 Bf8 27. Rfc1 Bb3 28. Bc6 Ra5 29. h4 h6 30. h5 d3 31. Rd7 Bc2 32. Bb5 Bxa4 33. Bc4+ Kh8 34.
Rxd3 Be8 35. g4 Rc5 36. b3 Bb5 37. Kg2 Bxc4 38. bxc4 Rbc8 39. Ne3 R5c6 40. Rd7 Bc5 41. Nd5 Bf8 42.
Rd1 Rb8 43. Ne3 Rbc8 44. Rf7 R6c7 45. Rd8 Rxd8 46. Rxc7 Rd4 47. Kf3 Kg8 48. c5 Rd3 49. Ke2 Rc3 50. c6 Bd6 51. Rc8+ Kf7 52. Nd5 Rc2+ 53. Kd3 Rxf2 54.
Rd8 Ke6 55. Re8+ Kf7 56. Re7+ Kf8 57. Rd7 1-0

[Event "SELL Games"]
[Site "Tartu, Estonia"]
[Date "2023.05.19"]
[Round "2.2"]
[White "Tvarijonas, Tomas"]
[Black "Stauskas, Lukas"]
[Result "0-1"]
[TimeControl "15min + 10sec per move each"]
[WhiteTitle "FM"]
[WhiteFideId "12805432"]
[BlackFideId "12808148"]
[WhiteElo "2181"]
[BlackElo "2296"]

1. e4 c5 2. Nf3 e6 3. d4 cxd4 4. Nxd4 Nc6 5. Nc3 Qc7 6. Be3 a6 7. a3 Nf6 8. Be2 Be7 9. g4 d6 10. g5 Nd7 11. f4 b5 12.
f5 Nxd4 13. Qxd4 Ne5 14. O-O-O Bb7 15. Rhf1 O-O-O 16. h4 g6 17. f6 Bf8 18. a4 Nc6 19. Qb6 b4 20. Na2 Qxb6 21. Bxb6 Rd7 22.
a5 h6 23. Rh1 d5 24. exd5 Rxd5 25. Rxd5 exd5 26. Bg4+ Kb8 27. Re1 Bd6 28. gxh6 Ne5 29. Bd1 b3 30. Nc3 bxc2 31. Kxc2 Rxh6 32.
Bf2 Nd7 33. Re8+ Kc7 34. Na4 Nxf6 35. Bb6+ Kd7 36. Re3 Rxh4 37. Nc5+ Bxc5 38. Bxc5 Rc4+ 39. Rc3 Rxc5 40. Rxc5 Ne4 41. Rc3 Nxc3 42. Kxc3 Kd6 43. Kd4 Bc6 44. b3 f5 45.
Be2 Bb7 46. b4 g5 47. b5 axb5 48. Bxb5 g4 49. a6 Ba8 50. Be2 Ke6 51. a7 Kf6 52. Kc5 Ke5 53. Kb6 Kd6 54. Kb5 d4 55. Kc4 g3 56. Bf1 g2 0-1

[Event "SELL Games"]
[Site "Tartu, Estonia"]
[Date "2023.05.19"]
[Round "2.3"]
[White "Vardanyan, Aras"]
[Black "Obolonin, Filipp"]
[Result "1-0"]
[TimeControl "15min + 10sec per move each"]
[WhiteTitle "FM"]
[WhiteFideId "12808792"]
[BlackFideId "4505549"]
[WhiteElo "2255"]
[BlackElo "2017"]

1. c4 e6 2. Nc3 d5 3. d4 Nf6 4. cxd5 exd5 5. Bg5 c6 6. e3 Bf5 7. Qf3 Bg6 8. Bxf6 gxf6 9. Nh3 Nd7 10. Be2 Qb6 11. O-O Qxb2 12. Rfc1 Ba3 13.
e4 dxe4 14. Nxe4 O-O 15. Rcb1 Qxd4 16. Qxa3 Qxe4 17. Rxb7 Qxe2 18. Rxd7 Rfd8 19. Nf4 Qe5 20. Rxd8+ Rxd8 21. Qc1 Qd4 22. g3 c5 23. Qe1 Qe5 24.
Qf1 Rd4 25. Re1 Re4 26. Rc1 Qg5 27.
h4 Qg4 28. Nd5 Kg7 29. Rxc5 Qe6 30. Nf4 Qxa2 31. h5 Qd2 32. Rd5 Qb4 33. Qh3 Re1+ 34. Kh2 Qe4 35. h6+ 1-0

[Event "SELL Games"]
[Site "Tartu, Estonia"]
[Date "2023.05.19"]
[Round "2.4"]
[White "Galdikaite, Greta"]
[Black "Vanagas, Tadas"]
[Result "0-1"]
[TimeControl "15min + 10sec per move each"]
[WhiteFideId "12819956"]
[BlackFideId "12805467"]
[WhiteElo "1195"]
[BlackElo "2225"]

1. e4 c5 2. Nf3 d6 3.
g3 Nc6 4. Nc3 Nf6 5. Bg2 e6 6. O-O Be7 7. d3 O-O 8. Bg5 Rb8 9. Ne2 b5 10. Qd2 b4 11. b3 a5 12. a4 h6 13. Be3 Ng4 14. h3 Nxe3 15.
Qxe3 Bf6 16. d4 Ba6 17. Rfd1 Bxe2 18. Qxe2 Nxd4 19. Nxd4 cxd4 20. Rd3 Rc8 21. f4 Rc5 22. Re1 Qc7 23.
Rd2 Rc8 24. Rc1 Rc3 25. Kh2 Rxb3 26. Qb5 Rc3 27. Qe2 b3 28. Rd3 Rxd3 29. Qxd3 b2 30. Rb1 Qxc2 31. Qxc2 Rxc2 32. Kg1 Rc1+ 0-1

[Event "SELL Games"]
[Site "Tartu, Estonia"]
[Date "2023.05.19"]
[Round "2.5"]
[White "Sirp, Karl Aleksander"]
[Black "Vanagaite, Giedre"]
[Result "1-0"]
[TimeControl "15min + 10sec per move each"]
[BlackTitle "WFM"]
[WhiteFideId "4504712"]
[BlackFideId "12800546"]
[WhiteElo "2033"]
[BlackElo "1995"]

1. d4 Nf6 2. Nf3 g6 3. Bf4 Bg7 4. e3 c5 5. c3 b6 6. Qb3 d6 7. Bc4 O-O 8. Bd5 Nxd5 9. Qxd5 Qc7 10.
Qxa8 Nc6 11. d5 Na5 12. Nbd2 Ba6 13. Qxf8+ Kxf8 14. Nb3 Nc4 15. Rb1 Nxb2 16. Rxb2 Bxc3+ 17. Rd2 c4 18. Nbd4 Qc5 19. O-O Bxd2 20. Nxd2 Qxd5 21. N2f3 Kg7 22. Ne2 Qa5 23. e4 c3 24.
Re1 c2 25. Nc1 e5 26. Bd2 Qa4 27.
Re3 Bc4 28. a3 f5 29. h3 fxe4 30. Rxe4 Qc6 31. Re3 Bd5 32. Ne1 Be4 33. Rc3 Qd5 34.
Nb3 Kf6 35. f3 Bf5 36. g4 c1=Q 37. Bxc1 Qd1 38. Kf2 Be6 39. Nd2 d5 40. Rc6 Ke7 41. Nf1 Kd7 42. Rc2 d4 43. Bd2 Qa1 44. Nd3 Kd6 45. Bb4+ Kd5 46. Bf8 Qb1 47. Nb4+ 1-0

[Event "SELL Games"]
[Site "Tartu, Estonia"]
[Date "2023.05.19"]
[Round "2.6"]
[White "Simkunaite, Gabija"]
[Black "Mikelsons, Mikelis-Emils"]
[Result "1-0"]
[TimeControl "15min + 10sec per move each"]
[WhiteTitle "WFM"]
[WhiteFideId "12808253"]
[BlackFideId "11607475"]
[WhiteElo "1964"]
[BlackElo "1877"]

1. e4 e5 2. Nf3 Nc6 3. Nc3 Nf6 4. d4 exd4 5. Nxd4 Bb4 6. Nxc6 bxc6 7. Bd3 d5 8. exd5 O-O 9. O-O Bg4 10.
Ne2 cxd5 11. c4 Re8 12. Qc2 dxc4 13. Bxc4 h6 14. Ng3 Qd6 15. h3 Be6 16. Bxe6 Qxe6 17. Bd2 Bd6 18. Nf5 Ne4 19.
Nxd6 cxd6 20. Rae1 Qg6 21. Be3 Re6 22. Qc6 Rae8 23. Rd1 a5 24. Rd5 Ng3 25. Rfd1 Nf5 26. Bf4 Nh4 27. Rxd6 Re1+ 28.
Rxe1 Rxe1+ 29. Kh2 Qb1 30.
g3 Qxb2 31. Rd2 Qb4 32. a3 Qxa3 33.
gxh4 Qb4 34. Qc8+ Kh7 35. Qf5+ 1-0

[Event "SELL Games"]
[Site "Tartu, Estonia"]
[Date "2023.05.19"]
[Round "2.7"]
[White "Perminaite, Guoda"]
[Black "Sibajeva, Marija"]
[Result "0-1"]
[TimeControl "15min + 10sec per move each"]
[BlackTitle "WFM"]
[WhiteFideId "12808784"]
[BlackFideId "12807583"]
[WhiteElo "1725"]
[BlackElo "1953"]

1. e4 c5 2. Nf3 e6 3. d4 cxd4 4. Nxd4 a6 5. Nc3 b5 6. g3 Bb7 7. Bg2 Nf6 8. Bg5 d6 9. O-O Nbd7 10. Qe2 Qc7 11. a3 Be7 12. Rad1 O-O 13.
Bc1 Nb6 14. f4 Nc4 15. Rd3 Rac8 16. g4 Nd7 17. g5 Rfe8 18. Kh1 Nf8 19. Qg4 Qc5 20. f5 Ne5 21. Qh3 Nxd3 22. Qxd3 e5 23.
Nb3 Qc7 24. Qh3 f6 25. gxf6 Bxf6 26. Qg4 Qf7 27. Bf3 Red8 28. Rg1 Kh8 29. h4 h6 30. Be3 Nh7 31. Nd2 Qe7 32. Bf2 Rg8 33.
Nf1 Bc6 34. Ne3 a5 35. Be2 b4 36. axb4 axb4 37. Ncd5 Qb7 38. Bc4 Bb5 39. Bb3 Rgf8 40. Nxb4 Be2 41. Qxe2 Qxe4+ 42. Kh2 Qxb4 43. Rg4 Qb7 44.
Nd5 Rb8 45. Qd3 Qb5 46. Qg3 Qd7 47. Ne3 Rbc8 48. Be6 Qc7 49. Bxc8 Qxc8 50. b4 Qb7 51. c3 Rc8 52. Qg2 Qxg2+ 53. Nxg2 Rxc3 54. b5 Rb3 55. b6 Bd8 56. Rg6 Nf6 57. Rg3 Rb4 58. Rd3 Ng4+ 59. Kg3 Nxf2 60. Kxf2 Bxb6+ 61. Kf3 Bc5 62.
Rd5 Rd4 63. Rxd4 Bxd4 64. Ke4 Kg8 65.
Ne1 Kf7 66. Nf3 Kf6 67. Nd2 Bf2 68. Nf3 h5 69. Nd2 Bxh4 70. Nc4 d5+ 71. Kxd5 Kxf5 72. Nxe5 Bg3 73. Nd3 h4 74.
Nc1 h3 75. Ne2 Be5 76. Kd4 0-1

[Event "SELL Games"]
[Site "Tartu, Estonia"]
[Date "2023.05.19"]
[Round "2.8"]
[White "Vaskevicius, Augustas"]
[Black "Piksis, Davids"]
[Result "0-1"]
[TimeControl "15min + 10sec per move each"]
[WhiteFideId "12808008"]
[BlackFideId "11609117"]
[WhiteElo "1904"]
[BlackElo "1770"]

1. Nf3 d5 2. e3 Nf6 3. c4 e6 4. d4 dxc4 5. Bxc4 c5 6. O-O cxd4 7. Nxd4 Be7 8. Qb3 O-O 9. Rd1 Qa5 10.
Bd2 Qh5 11. Be2 Qd5 12. Bf3 Qd7 13. Bb4 Bxb4 14. Qxb4 a5 15. Qb3 Na6 16. Nc3 Qe7 17. Rac1 Rb8 18. Qb6 Qc5 19. Qxc5 Nxc5 20. Ncb5 Nce4 21. Rc7 Rd8 22.
Bxe4 Nxe4 23. Rdc1 Nf6 24. a3 Nd5 25. R7c5 Bd7 26. Nc7 b6 27. R5c4 b5 28. Rc5 Nxc7 29. Rxc7 b4 30. axb4 axb4 31.
Rd1 e5 32. Nf3 Bg4 33. Rxd8+ Rxd8 34. h3 Bxf3 35. gxf3 Rb8 36. Kf1 g5 37. Ke2 Kg7 38. Rc5 f6 39. Rc4 Kg6 40. Kd3 h5 41.
Kc2 Kf5 42. Kb3 Rd8 43. Kxb4 Rd2 44. Kc3 Rxf2 45. b4 Rxf3 46. b5 Rxe3+ 47. Kb4 g4 48. hxg4+ hxg4 49. b6 Re1 50. Kb5 Rb1+ 51. Rb4 Rxb4+ 52. Kxb4 g3 53. b7 g2 54. b8=Q g1=Q 55. Qc8+ Kf4 56. Qe6 Qd4+ 57.
Kb3 e4 58. Qc6 f5 59. Qc7+ Kf3 60. Qh2 Qd1+ 61. Kc3 Qe1+ 62. Kd4 Qf2+ 0-1

[Event "SELL Games"]
[Site "Tartu, Estonia"]
[Date "2023.05.19"]
[Round "3.1"]
[White "Vanagas, Tadas"]
[Black "Laurusas, Tomas"]
[Result "0-1"]
[TimeControl "15min + 10sec per move each"]
[BlackTitle "GM"]
[WhiteFideId "12805467"]
[BlackFideId "12803731"]
[WhiteElo "2225"]
[BlackElo "2504"]

1. e4 c5 2. Nf3 e6 3. d4 cxd4 4. Nxd4 a6 5. Nc3 Qc7 6. Be3 Nf6 7. a3 b5 8. Bd3 Bb7 9. Qe2 d6 10. g4 d5 11.
exd5 b4 12. axb4 Bxb4 13. O-O Bxc3 14. bxc3 Nxd5 15. f4 Nxc3 16. Qf2 Nc6 17. f5 e5 18. Ne2 Nxe2+ 19. Bxe2 f6 20. Bb6 Qf7 21.
Qc5 Nd4 22. Bc4 Qd7 23. Rad1 Rc8 24. Rxd4 Qxd4+ 25. Qxd4 exd4
26. Re1+ Kd7 27. Be6+ Kd6 28. Bxc8 Rxc8 29. Re6+ Kd7 30. Re2 Bf3 31. Rd2 Kc6 32. Bxd4 Bxg4 33. Rg2 h5 34. h3 Bxh3 35. Rxg7 Bxf5 36.
Bxf6 Bxc2 37. Rg5 Bd1 38.
Bd4 Ra8 39. Bc3 Rf8 40. Kg2 Bf3+ 41. Kh2 Bg4 42. Bd4 Rd8 43. Rc5+ Kb7 44. Be3 Rd3 45. Bf2 Rh3+ 46. Kg2 Ra3 47.
Be1 Ra2+ 48. Kg3 Kb6 49. Rg5 Ra3+ 50. Kg2 a5 51. Bf2+ Kc6 52. Rc5+ Kd7 53. Rd5+ Ke6 54. Rb5 a4 55. Ra5 Bf3+ 56. Kg3 Bg4+ 57. Kg2 Bd1 58. Bc5 Rd3 59. Bb4 Rd4 60. Bc3 Rc4 61. Ba1 Kd6 62. Kg3 Kc6 63. Kf2 Bg4 64.
Kg3 Kb6 65. Ra8 Bd7 66. Bf6 h4+ 67. Kf2 Rf4+ 0-1

[Event "SELL Games"]
[Site "Tartu, Estonia"]
[Date "2023.05.19"]
[Round "3.2"]
[White "Stauskas, Lukas"]
[Black "Sirp, Karl Aleksander"]
[Result "1/2-1/2"]
[TimeControl "15min + 10sec per move each"]
[WhiteFideId "12808148"]
[BlackFideId "4504712"]
[WhiteElo "2296"]
[BlackElo "2033"]

1. d4 Nf6 2. c4 e6 3. Nc3 d5 4. cxd5 exd5 5. Bg5 c6 6. e3 Be7 7. Bd3 O-O 8. Nge2 Bg4 9. f3 Bh5 10. Nf4 Nbd7 11. O-O Bg6 12.
Nxg6 hxg6 13. Bh4 Qb6 14. Qd2 c5 15. Na4 Qc6 16. Nxc5 Nxc5 17. dxc5 Bxc5 18. Bf2 Rad8 19. a3 Ne4 20.
Bxe4 dxe4 21. Qe2 Rd3 22. Rac1 Qb6 23. fxe4 Rfd8 24. Kh1 Bxe3 25. Bxe3 Rxe3 26. Qf2 Rf8 27. Qf4 Re2 28. b4 Qe6 29.
Rc7 Rxe4 30. Qf3 Re3 31. Qxb7 Rxa3 32. h3 Rxh3+ 33. gxh3 Qxh3+ 34. Kg1 Qg3+ 35. Kh1 Qh3+ 1/2-1/2

[Event "SELL Games"]
[Site "Tartu, Estonia"]
[Date "2023.05.19"]
[Round "3.3"]
[White "Bekasovs, Rihards"]
[Black "Vardanyan, Aras"]
[Result "0-1"]
[TimeControl "15min + 10sec per move each"]
[BlackTitle "FM"]
[WhiteFideId "11606029"]
[BlackFideId "12808792"]
[WhiteElo "2107"]
[BlackElo "2255"]

1. Nf3 d5 2. c4 d4 3. b4 f6 4. d3 e5 5. Qb3 a5 6.
bxa5 Rxa5 7. g3 Na6 8. Bg2 Bb4+ 9. Bd2 Bxd2+ 10. Nbxd2 Ne7 11. O-O O-O 12. Rfb1 Nc5 13. Qc2 Na4 14.
Rb3 b6 15. Rb5 Ra7 16. Rb4 Bd7 17. Ne1 c5 18. Rb3 Nc3 19. Rxc3 dxc3 20. Qxc3 Bc6 21. Nef3 Kh8 22. Qb2 Ra6 23. Nb1 Nf5 24. Nc3 Qd6 25.
Rb1 Rfa8 26. Ne1 Bxg2 27. Nxg2 Qd4 28. a4 e4 29. Nxe4 Qxb2 30. Rxb2 Rxa4 31. Nf4 Rb4 32. Rd2 Nd4 33.
Nd5 Rb1+ 34. Kg2 f5 35.
Nd6 g6 36. e3 Ne6 37. d4 Raa1 38. h4 cxd4 39. exd4 Rd1 40. Rxd1 Rxd1 41. Nxb6 Rxd4 42. Nb5 Rd2 43. Nd5 Nc5 44.
Nf4 Ne4 45. Nh3 Rc2 46. Nc7 Rxc4 47.
Nd5 Kg7 48. Ne3 Ra4 49. Nf4 Ra2 50.
Nh3 Kf6 51. Nd5+ Ke5 52. Ne3 Kd4 53.
Nf1 h6 54. Kg1 Ke5 55. Ne3 Re2 56. Ng2 Ra2 57. Ne3 Kd4 58. Nf1 Rb2 59. Kg2 g5 60. hxg5 hxg5 61. Ne3 g4 62. Nxf5+ Ke5 0-1

[Event "SELL Games"]
[Site "Tartu, Estonia"]
[Date "2023.05.19"]
[Round "3.4"]
[White "Sibajeva, Marija"]
[Black "Tvarijonas, Tomas"]
[Result "0-1"]
[TimeControl "15min + 10sec per move each"]
[WhiteTitle "WFM"]
[BlackTitle "FM"]
[WhiteFideId "12807583"]
[BlackFideId "12805432"]
[WhiteElo "1953"]
[BlackElo "2181"]

1. e4 c5 2. Nf3 Nf6 3. Nc3 e6 4.
d4 cxd4 5. Nxd4 Nc6 6. a3 Be7 7. Be3 O-O 8. Be2 d5 9. exd5 Nxd5 10. Nxc6 bxc6 11. Nxd5 cxd5 12. f4 Qc7 13. O-O Rb8 14.
Rb1 Bc5 15. Bxc5 Qxc5+ 16. Kh1 a5 17. Bd3 g6 18. Qe1 d4 19. Qg3 Rb6 20. Qh4 Bb7 21. Qf6 Qd5 22. Rg1 Qd6 23. h4 Rb8 24.
Kh2 Ba8 25. h5 Rxb2 26. hxg6 hxg6 27. Rxb2 Rxb2 28. Kg3 Qd5 29. Qe5 Qxe5 30. fxe5 Bd5 31. Rh1 Ra2 32. Rh4 Rxa3 33. Rxd4 Rc3 34. Kf4 Bxg2 35. Rd8+ Kg7 36. Rd7 a4 37.
Ra7 a3 38. Ke3 Rc5 39. Kf4 Rc3 40. Kg5 Bd5 0-1

[Event "SELL Games"]
[Site "Tartu, Estonia"]
[Date "2023.05.19"]
[Round "3.5"]
[White "Obolonin, Filipp"]
[Black "Galdikaite, Greta"]
[Result "1-0"]
[TimeControl "15min + 10sec per move each"]
[WhiteFideId "4505549"]
[BlackFideId "12819956"]
[WhiteElo "2017"]
[BlackElo "1195"]

1. d4 d5 2. Nf3 Nf6 3. g3 Nc6 4. Bg2 e6 5. O-O b6 6. c4 Ba6 7. Qa4 Bb7 8. Ne5 a6 9. Bg5 Be7 10. Bxf6 Bxf6 11. Nxc6 Qd7 12.
cxd5 exd5 13. Rc1 b5 14. Qc2 O-O 15. Ne5 Bxe5 16. dxe5 c6 17. Nd2 Rfe8 18. Nb3 Qe7 19. Nc5 Bc8 20.
e3 g6 21. a4 Bf5 22. e4 dxe4 23. Bxe4 Bxe4 24. Qxe4 Rec8 25. a5 Qe8 26. b4 Rc7 27. e6 Re7 28. exf7+ Rxf7 29. Qxe8+ Rxe8 30.
Nxa6 Rf6 31. Nc5 Ra8 32. Rd1 Rf7 33. Rd6 Rc7 34. a6 Kf8 35. Ne6+ 1-0

[Event "SELL Games"]
[Site "Tartu, Estonia"]
[Date "2023.05.19"]
[Round "3.6"]
[White "Maciuityte, Greta"]
[Black "Simkunaite, Gabija"]
[Result "0-1"]
[TimeControl "15min + 10sec per move each"]
[BlackTitle "WFM"]
[WhiteFideId "12806765"]
[BlackFideId "12808253"]
[WhiteElo "1715"]
[BlackElo "1964"]

1. e4 c6 2. d4 d5 3. e5 c5 4.
c3 Nc6 5. Nf3 cxd4 6. cxd4 Bg4 7. Be2 e6 8. O-O Nge7 9. Nc3 Nf5 10. Be3 Be7 11. Rb1 O-O 12. a3 Rc8 13. Qd3 a6 14.
h3 Nxe3 15. fxe3 Bf5 16. Qd1 Bxb1 17. Qxb1 Bg5 18. Qd3 Bh6 19. Bd1 g6 20. Ne2 Qb6 21. b4 Ne7 22. Ng3 Qc6 23. e4 Qc3 24.
Qb1 Qxa3 25. exd5 exd5 26. Be2 Qe3+ 27. Kh1 Bf4 28. Nh5 gxh5 29. Bd3 Rc1 30. Bxh7+ Kh8 31. Rxc1 Qxc1+ 32. Qxc1 Bxc1 33.
Bd3 Bf4 34. Ng1 Nc6 35. Ne2 Be3 0-1

[Event "SELL Games"]
[Site "Tartu, Estonia"]
[Date "2023.05.19"]
[Round "3.7"]
[White "Piksis, Davids"]
[Black "Perminaite, Guoda"]
[Result "1-0"]
[TimeControl "15min + 10sec per move each"]
[WhiteFideId "11609117"]
[BlackFideId "12808784"]
[WhiteElo "1770"]
[BlackElo "1725"]

1. e4 e5 2. Nf3 Nc6 3. Bb5 a6 4.
Ba4 b5 5. Bb3 g6 6. c3 Bg7 7. d4 exd4 8.
cxd4 Nge7 9. Nc3 O-O 10. O-O d6 11. h3 Bb7 12. Be3 Na5 13. Bc2 Nc4 14. Bc1 c5 15. b3 Nb6 16. Be3 Rc8 17.
Ne2 Nc6 18. Rb1 cxd4 19. Nexd4 Nb4 20. Rb2 Nxc2 21. Rxc2 Bxe4 22. Rxc8 Nxc8 23. Qd2 Re8 24. Rc1 Ne7 25. Bf4 Nd5 26.
Bg3 Ne7 27. Ng5 Bb7 28. Qf4 Bd5 29. Ndf3 Nf5 30. Rd1 Bxf3 31. Nxf3 Nxg3 32. Qxg3 d5 33. Qf4 h6 34. Qd2 Qf6 35. Qxd5 Re2 36. Rd2 Qa1+ 37. Kh2 Rxd2 38. Qxd2 Kh7 39. g3 Bc3 40. Qe2 Kg7 41. Kg2 Qb2 42. Qxb2 Bxb2 43. a4 bxa4 44. bxa4 Kf6 45. g4 Ke6 46.
Kg3 Kd5 47. Kf4 Bc1+ 48. Kg3 g5 49.
h4 Bf4+ 50. Kh3 Kc4 51. Ne1 Bd2 52. Nf3 Bf4 53. Ne1 Kb3 54. a5 Bd2 55. Nd3 Ka4 1-0

[Event "SELL Games"]
[Site "Tartu, Estonia"]
[Date "2023.05.19"]
[Round "3.8"]
[White "Vanagaite, Giedre"]
[Black "Vaskevicius, Augustas"]
[Result "1/2-1/2"]
[TimeControl "15min + 10sec per move each"]
[WhiteTitle "WFM"]
[WhiteFideId "12800546"]
[BlackFideId "12808008"]
[WhiteElo "1995"]
[BlackElo "1904"]

1. d4 d5 2. Nf3 Nf6 3. c4 e6 4. Nc3 Bb4 5. Bg5 h6 6. Bh4 g5 7. Bg3 Ne4 8. Qc2 h5 9. h3 Nxg3 10.
fxg3 Qd6 11. O-O-O Bxc3 12. Qxc3 Qxg3 13. cxd5 exd5 14. Qe3+ Be6 15. Qxg5 Qxg5+ 16. Nxg5 Rg8 17. h4 Nc6 18.
e3 Bg4 19. Re1 f6 20. Nf3 O-O-O 21. Be2 a6 22. Rhf1 Rde8 23. Kd2 Ne7 24. Bd3 Bf5 25. Rf2 Rg3 26. Ng1 Bxd3 27. Kxd3 Reg8 28. Ree2 Kd7 29. Nh3 R8g4 30.
Nf4 Rxh4 31. Nh3 Rhg4 32. Rxf6 Rxg2 33. Rh6 Rxe2
34. Kxe2 Rg2+ 35. Nf2 Rg5 36.
Kf3 Rf5+ 37. Kg3 Rg5+ 38. Kf3 Rf5+ 39. Kg3 Rg5+ 40. Kf3 Rf5+ 41. Kg3 Rg5+ 1/2-1/2